 Dungeon Crawl Stone Soup version 0.29.1-2-gbd0b4ee654 (webtiles) character file.

Game seed: 16309799587087371590

311 Ivernyr the Grasshopper (level 6, -4/56 HPs)
             Began as a Naga Warper on Oct 29, 2022.
             Slain by Blork the orc
             ... wielding a +0 morningstar
              (6 damage)
             ... on level 4 of the Dungeon.
             The game lasted 00:09:21 (3808 turns).

Ivernyr the Grasshopper (Naga Warper)               Turns: 3808, Time: 00:09:22

Health: -4/56      AC:  7    Str: 13    XL:     6   Next: 42%
Magic:  3/10       EV:  9    Int: 21    God:
Gold:   188        SH:  0    Dex: 11    Spells: 0/11 levels left

rFire   . . .      SeeInvis +   a - +0 mace
rCold   . . .      Faith    .   (no shield)
rNeg    . . .      Spirit   .   b - +0 leather armour
rPois   +          Reflect  .   (no helmet)
rElec   .          Harm     .   (no cloak)
rCorr   .          Rampage  .   (no gloves)
Will    .....                   (no barding)
Stlth   +.........              (no amulet)
HPRegen 0.18/turn               e - +6 ring of intelligence
MPRegen 0.12/turn               g - +4 ring of protection

@: short of breath, very slow
A: AC +2, large, see invisible, deformed body, poison resistance, slowness 2,
spit poison 1, naga tail 1
a: Spit Poison


You were on level 4 of the Dungeon.
You visited 1 branch of the dungeon, and saw 4 of its levels.

You collected 188 gold pieces.

Inventory:

Hand Weapons
 a - a +0 mace (weapon)
Armour
 b - a +0 leather armour (worn)
Jewellery
 e - a +6 ring of intelligence (left hand)
 g - a +4 ring of protection (right hand)
 n - a ring of flight
Scrolls
 c - a scroll of blinking
 h - a scroll of brand weapon {unknown}
 k - a scroll of silence {unknown}
 m - a scroll of acquirement {unknown}
 o - 2 scrolls of noise {unknown}
 q - 2 scrolls of teleportation {unknown}
 r - 2 scrolls of identify {unknown}
 s - a scroll of amnesia {unknown}
Potions
 d - a potion of resistance {unknown}
 f - 3 potions of mutation {unknown}
 i - a potion of brilliance {unknown}
 j - a potion of might {unknown}
 l - a potion of cancellation {unknown}
 p - 2 potions of heal wounds {unknown}


   Skills:
 + Level 3.3 Fighting
 - Level 2.0 Maces & Flails
 - Level 0.8 Throwing
 + Level 2.2 Armour
 - Level 1.5 Dodging
 + Level 3.2 Spellcasting
 * Level 5.0 Translocations


You couldn't memorise any spells.
You knew the following spells:

 Your Spells              Type           Power      Damage    Failure   Level
a - Blink                 Tloc           48%        N/A       3%          2
b - Gell's Gravitas       Tloc           24%        N/A       6%          3
c - Teleport Other        Tloc           24%        N/A       6%          3
d - Lesser Beckoning      Tloc           24%        N/A       6%          3

Your spell library contained the following spells:

 Spells                   Type           Power      Damage    Failure   Level
 Summon Guardian Golem    Hex/Summ       3%         N/A       45%         3
 Manifold Assault         Tloc           24%        N/A       52%         5
 Orb of Destruction       Conj           1%         9d5       100%        7
 Spellforged Servitor     Conj/Summ      1%         N/A       100%        7


Dungeon Overview and Level Annotations

Branches:
Dungeon (4/15)
 Temple: D:4-7

Altars:

Annotations:
D:4 Blork the orc


Innate Abilities, Weirdness & Mutations

Your serpentine skin is tough. (AC +2)
You have supernaturally acute eyesight. (SInv)
Armour fits poorly on your strangely shaped body.
Your system is resistant to poisons. (rPois)
You cover ground very slowly.
You can spit poison.
You have a snake-like lower body.


Message History

You barely miss Blork the orc.
Blork the orc is moderately wounded.
Blork the orc looks more healthy.
Blork the orc hits you with a +0 morningstar!
Blork the orc casts a spell at you. The magic dart hits you.
You barely miss Blork the orc.
You punch Blork the orc, but do no damage.
Blork the orc is moderately wounded.
Blork the orc hits you with a +0 morningstar.
Blork the orc barely misses you.
You sock Blork the orc!
Blork the orc is heavily wounded.
Blork the orc closely misses you.
Blork the orc hits you with a +0 morningstar!
You closely miss Blork the orc.
Blork the orc is heavily wounded.
Blork the orc barely misses you. Blork the orc closely misses you.
Aiming: Spit Poison (1% risk of failure)
Press: ? - help, Shift-Dir - straight line, f/p - Blork the orc
Aim: Blork the orc, wielding a +0 morningstar and wearing a +0 robe (heavily wounded, fast, 65% to hit)
The splash of poison hits Blork the orc.
Blork the orc is severely wounded.
Blork the orc points at you and mumbles some strange words.
The puff of flame hits you!
* * * LOW HITPOINT WARNING * * *
Casting: Gell's Gravitas (dangerous; 6% risk of failure)
Confirm with . or Enter, or press ? or * to list all spells.
Okay, then.
Casting: Gell's Gravitas (dangerous; 6% risk of failure)
Confirm with . or Enter, or press ? or * to list all spells.
Aiming: Teleport Other (dangerous; 6% risk of failure)
Press: ? - help, Shift-Dir - straight line, f/p - Blork the orc
Aim: Blork the orc, wielding a +0 morningstar and wearing a +0 robe (severely wounded, fast, chance to affect: 64%) Blork the orc struggles to resist.
Blork the orc casts a spell at you. The puff of frost hits you!
* * * LOW HITPOINT WARNING * * *
Blork the orc hits you with a +0 morningstar.
You die...

.............
............# #
............# .#
............# ####..#
............+ ..)....
............# .......
............####.......
.........o.....).......
########@###....##.....
#.# #....# ... #.#
#....# o #.# #....# ...
....... ......##....
......##..... #......#
.....


You could see Blork the orc (fast).

Vanquished Creatures
  Grinder (D:3)
  A hound (D:4)
  An adder (D:2)
  A white imp (D:3)
  3 dart slugs (D:2)
  3 worms
  3 ball pythons
  8 endoplasms
  4 giant cockroaches
  5 goblins
  2 hobgoblins
  4 jackals
  4 kobolds
  5 quokkas
  3 bats
  4 frilled lizards
  6 rats
58 creatures vanquished.

Notes
Turn   | Place    | Note
-------+----------+-------------------------------------------
     0 | D:1      | Ivernyr the Naga Warper began the quest for the Orb.
     0 | D:1      | Reached XP level 1. HP: 19/19 MP: 3/3
   364 | D:1      | Reached skill level 1 in Armour
   364 | D:1      | Reached XP level 2. HP: 26/26 MP: 5/5
   769 | D:1      | Learned a level 2 spell: Blink
   811 | D:1      | Reached XP level 3. HP: 26/32 MP: 6/6
  1297 | D:2      | Found a faded altar of an unknown god.
  1806 | D:2      | Reached XP level 4. HP: 37/40 MP: 7/7
  2658 | D:3      | Reached skill level 4 in Translocations
  2909 | D:3      | Noticed Grinder
  2941 | D:3      | Killed Grinder
  2942 | D:3      | Reached XP level 5. HP: 7/49 MP: 7/9
  2942 | D:3      | Reached XP level 6. HP: 8/56 MP: 7/10
  3263 | D:3      | Learned a level 3 spell: Gell's Gravitas
  3267 | D:3      | Learned a level 3 spell: Teleport Other
  3271 | D:3      | Learned a level 3 spell: Lesser Beckoning
  3781 | D:4      | Noticed Blork the orc
  3785 | D:4      | Reached skill level 5 in Translocations
  3808 | D:4      | HP: 2/56 [Blork the orc/puff of frost (8)]
  3808 | D:4      | Slain by Blork the orc

Illustrated notes

Levels and vault maps discovered:
D:1:      minmay_arrival_glassed_features, layout_basic,
          minmay_misc_feat_four_crosses
D:2:      layout_basic, basic_ecumenical_altar, minmay_circle_x
D:3:      layout_loops_ring, dk_noncrumbling_2, uniq_grinder
D:4:      layout_basic, temple_statues, gammafunk_ghost_gnarly_gnolls,
          uniq_blork_the_orc, uniq_sigmund, uniq_menkaure

Skill      XL: |  1  2  3  4  5  6 |
---------------+-------------------+-----
Armour         | 1 2 |  2.2
Translocations | 4 5 |  5.0
Fighting       | 3 |  3.3
Spellcasting   | 3 |  3.2
Maces & Flails | |  2.0
Throwing       | |  0.8
Dodging        | |  1.5

Action                   |  1- 3 |  4- 6 || total
-------------------------+-------+-------++-------
Melee: Mace              |   102 |    68 ||   170
       Punch             |       |     3 ||     3
Throw: Boomerang         |       |     7 ||     7
 Cast: Blink             |     1 |       ||     1
       Gell's Gravitas   |       |     2 ||     2
       Teleport Other    |       |     1 ||     1
 Abil: Spit Poison       |    31 |    27 ||    58
Armor: Leather armour    |    68 |    29 ||    97
Dodge: Dodged            |    55 |    23 ||    78
